[Event "Titled Tuesday Blitz November 14 Early 2023"]
[White "Fromm, Marius"]
[Black "Jumanov, Elbek"]
[WhiteFideId "12993190"]
[BlackFideId "14202905"]
[WhiteElo "2626"]
[BlackElo "2440"]
[Result "1-0"]
[Round "3"]
[TimeControl "180+1"]
[Date "2023.11.14"]
[WhiteClock "0:00:43"]
[BlackClock "0:01:05"]
[Board "127"]

1. e4 c5 2. Nf3 e6 3. d4 cxd4 4. Nxd4 Nf6 5. Nc3 d6 6. Be3 a6 7. f3 Be7 8. Qd2 Nc6 9. O-O-O Qc7 10. g4 O-O 11. g5 Nd7 12. h4 b5 13. Nxc6 Qxc6 14. h5 b4 15. Ne2 Ne5 16. Nd4 Qc7 17. Kb1 Bd7 18. Qg2 Rfc8 19. f4 Nc4 20. Bxc4 Qxc4 21. g6 fxg6 22. hxg6 h6 23. f5 e5 24. Bxh6 gxh6 25. Rxh6 exd4 26. Rh8+ Kg7 27. Rh7+ Kf6 28. Rf7+ Qxf7 29. gxf7 Kxf7 30. Qg6+ Kf8 31. Rh1 1-0


[Site "https://www.chess.com"]

[Event "Titled Tuesday Blitz November 14 Early 2023"]
[White "Kuzhylnyi, Oleksandr"]
[Black "LiadCuba"]
[WhiteFideId "34110500"]
[WhiteElo "2623"]
[BlackElo "2440"]
[Result "1-0"]
[Round "3"]
[TimeControl "180+1"]
[Date "2023.11.14"]
[WhiteClock "0:00:37"]
[BlackClock "0:00:00"]
[Board "128"]

1. b3 e5 2. Bb2 Nc6 3. e3 d5 4. Bb5 Bd6 5. Nf3 Qe7 6. d4 e4 7. Ne5 Qg5 8. g3 Ne7 9. h4 Qf6 10. c4 a6 11. Ba4 b5 12. cxb5 Nxe5 13. dxe5 Bxe5 14. bxa6+ c6 15. Bxe5 Qxe5 16. Qd4 Qxd4 17. exd4 Bxa6 18. Nc3 O-O 19. O-O-O Rfc8 20. Kb2 Bd3 21. Rhe1 Nf5 22. Ne2 c5 23. dxc5 Rxc5 24. Rd2 Rac8 25. b4 Rc4 26. a3 Nd6 27. Nf4 d4 28. Nxd3 exd3 29. Rxd3 g5 30. hxg5 Kg7 31. Bb3 Rc3 32. Rxd4 Rf3 33. Rf4 Rxf4 34. gxf4 1-0


[Site "https://www.chess.com"]

[Event "Titled Tuesday Blitz November 14 Early 2023"]
[White "Foisor, Sabina-Francesca"]
[Black "FoxOnTheRun97"]
[WhiteFideId "1212915"]
[WhiteElo "2438"]
[BlackElo "2620"]
[Result "0-1"]
[Round "3"]
[TimeControl "180+1"]
[Date "2023.11.14"]
[WhiteClock "0:00:00"]
[BlackClock "0:00:15"]
[Board "129"]

1. d4 Nf6 2. c4 e6 3. Nf3 d5 4. Bg5 h6 5. Bxf6 Qxf6 6. e3 c6 7. Qc2 Bd6 8. Nbd2 O-O 9. g4 e5 10. h3 exd4 11. Nxd4 Re8 12. Be2 c5 13. Nb5 d4 14. Nxd6 Qxd6 15. O-O-O Nc6 16. e4 Be6 17. Kb1 b5 18. Rhf1 Nb4 19. Qb3 d3 20. Bf3 bxc4 21. Qc3 Qf4 22. Bg2 Rab8 23. Nxc4 Nxa2 24. Kxa2 Rb4 25. b3 Reb8 26. Rb1 a5 27. Rfd1 a4 28. Rxd3 axb3+ 29. Kb2 Rxc4 30. Qd2 Rc2+ 0-1


[Site "https://www.chess.com"]

[Event "Titled Tuesday Blitz November 14 Early 2023"]
[White "Principe, Gerson"]
[Black "ATM622"]
[WhiteFideId "3804550"]
[WhiteElo "2618"]
[BlackElo "2435"]
[Result "1-0"]
[Round "3"]
[TimeControl "180+1"]
[Date "2023.11.14"]
[WhiteClock "0:00:11"]
[BlackClock "0:01:20"]
[Board "130"]

1. Nf3 Nf6 2. d4 e6 3. c4 d5 4. g3 dxc4 5. Bg2 Bd7 6. O-O Bc6 7. Nc3 Bd6 8. Qc2 O-O 9. e4 Bb4 10. e5 Nd5 11. Ne4 f5 12. exf6 Nxf6 13. Nxf6+ Qxf6 14. Ne5 Bxg2 15. Kxg2 Bd6 16. Qxc4 Bxe5 17. dxe5 Qxe5 18. Bf4 Qh5 19. Qxe6+ Kh8 20. Rae1 Nc6 21. Qd7 Rad8 22. Qxc7 Nd4 23. Re3 Qd5+ 24. f3 Qxa2 25. Rf2 Ne6 26. Qxb7 Nxf4+ 27. gxf4 Rxf4 28. Re7 Rff8 29. Qxa7 Qd5 30. Qe3 Rb8 31. Qe5 Rf5 32. Qxg7# 1-0


[Site "https://www.chess.com"]

[Event "Titled Tuesday Blitz November 14 Early 2023"]
[White "Kononenko, Dmitry"]
[Black "Mazurkiewicz, Michal"]
[WhiteFideId "14113538"]
[BlackFideId "1124943"]
[WhiteElo "2616"]
[BlackElo "2435"]
[Result "0-1"]
[Round "3"]
[TimeControl "180+1"]
[Date "2023.11.14"]
[WhiteClock "0:00:07"]
[BlackClock "0:00:10"]
[Board "131"]

1. e4 d6 2. d4 Nf6 3. Nc3 c6 4. f4 Qb6 5. Nf3 Bg4 6. Be2 e6 7. O-O d5 8. e5 Nfd7 9. Kh1 Bxf3 10. Bxf3 g6 11. Ne2 c5 12. c3 Nc6 13. Be3 Rc8 14. Qd2 cxd4 15. cxd4 Bb4 16. Qd3 O-O 17. g4 Be7 18. f5 Nb4 19. Qd2 Rc2 20. Qd1 Rfc8 21. a3 Na6 22. fxg6 hxg6 23. b4 Nxe5 24. Bf4 Nxf3 25. Rxf3 Qb5 26. Ng3 Qc4 27. Be5 Rc1 28. Rxc1 Qxc1 29. Rf1 Qxd1 30. Rxd1 Rc3 31. b5 Nc7 32. a4 f6 33. Bf4 g5 34. Bxc7 Rxc7 35. Ne2 Rc4 36. Ra1 e5 37. Kg2 exd4 38. Nc1 Rc2+ 39. Kf3 Rc3+ 40. Ke2 Re3+ 41. Kd1 d3 42. Ra3 Bxa3 43. Na2 Bb2 44. Kd2 Rh3 45. a5 d4 46. a6 bxa6 47. bxa6 Bc3+ 48. Nxc3 dxc3+ 49. Kxc3 Kf7 50. Kc4 d2 51. Kc5 d1=Q 52. Kc6 Rb3 53. Kc7 Rb6 54. Kc8 Qd6 55. h4 Rb8# 0-1


[Site "https://www.chess.com"]

[Event "Titled Tuesday Blitz November 14 Early 2023"]
[White "Gontcharov, Vladislav"]
[Black "Arnold, Ken"]
[WhiteFideId "4123492"]
[BlackFideId "2056836"]
[WhiteElo "2615"]
[BlackElo "2433"]
[Result "1-0"]
[Round "3"]
[TimeControl "180+1"]
[Date "2023.11.14"]
[WhiteClock "0:00:33"]
[BlackClock "0:00:04"]
[Board "132"]

1. d4 Nf6 2. c4 e6 3. Nc3 d5 4. cxd5 Nxd5 5. e4 Nxc3 6. bxc3 Be7 7. Nf3 c5 8. Bb5+ Bd7 9. Bxd7+ Nxd7 10. O-O cxd4 11. cxd4 O-O 12. Rb1 b6 13. a4 Nf6 14. Qe2 Qd7 15. Rb5 a6 16. Rxb6 Qxa4 17. Bg5 h6 18. Bf4 Rfc8 19. h3 Rc2 20. Qe3 Rac8 21. Be5 Nd7 22. Rb7 Nxe5 23. Nxe5 R2c7 24. Rfb1 Rxb7 25. Rxb7 Qd1+ 26. Kh2 Bd6 27. Qf4 f6 28. Qg3 g5 29. f4 Qxd4 30. Qg4 Re8 31. Qh5 Re7 32. Rxe7 Bxe7 33. Qg6+ 1-0


[Site "https://www.chess.com"]

[Event "Titled Tuesday Blitz November 14 Early 2023"]
[White "Suspenser17"]
[Black "Arslanov, Shamil"]
[BlackFideId "4192826"]
[WhiteElo "2427"]
[BlackElo "2613"]
[Result "0-1"]
[Round "3"]
[TimeControl "180+1"]
[Date "2023.11.14"]
[WhiteClock "0:00:36"]
[BlackClock "0:01:41"]
[Board "133"]

1. e4 d6 2. d4 e5 3. Nc3 a6 4. Nf3 Bg4 5. dxe5 Nc6 6. exd6 Bxd6 7. Be2 Qe7 8. Qd2 O-O-O 9. Qg5 Nf6 10. Bf4 Rhe8 11. Bxd6 Rxd6 12. O-O h6 13. Qf4 g5 14. Qg3 Bxf3 15. Bxf3 Ne5 16. Rfe1 Rd2 17. Re2 Red8 18. Nd5 R8xd5 19. exd5 Nxf3+ 20. Qxf3 Qxe2 0-1


[Site "https://www.chess.com"]

[Event "Titled Tuesday Blitz November 14 Early 2023"]
[White "Osinovsky, Stepan"]
[Black "Feuerstack, Aljoscha"]
[WhiteFideId "4157354"]
[BlackFideId "4681932"]
[WhiteElo "2419"]
[BlackElo "2612"]
[Result "0-1"]
[Round "3"]
[TimeControl "180+1"]
[Date "2023.11.14"]
[WhiteClock "0:00:00"]
[BlackClock "0:00:06"]
[Board "134"]

1. e4 c6 2. d3 d5 3. Nd2 g6 4. Ngf3 Bg7 5. g3 Nf6 6. Bg2 O-O 7. O-O Bg4 8. h3 Bxf3 9. Qxf3 Nbd7 10. Qe2 Qb6 11. a4 Rac8 12. c3 Qa6 13. Re1 Nc5 14. Bf1 dxe4 15. Nxe4 Nfxe4 16. dxe4 Qxe2 17. Rxe2 Nb3 18. Rb1 Rfd8 19. Be3 b6 20. Rc2 Be5 21. Bc4 Na5 22. Ba6 Rc7 23. f4 Bg7 24. b4 Nb7 25. Kf2 Nd6 26. Kf3 b5 27. Rd1 Rb8 28. a5 Kf8 29. Bc5 Nc4 30. Rd3 Ke8 31. e5 Rd8 32. Rxd8+ Kxd8 33. Ke4 f6 34. e6 f5+ 35. Kd3 Bf6 36. Rc1 Ke8 37. Kc2 Na3+ 38. Kb3 Nc4 39. Rd1 g5 40. Rd3 h5 41. fxg5 Bxg5 42. Rf3 Nd2+ 43. Kc2 Nxf3 44. Kd3 Ne5+ 45. Kd4 Nc4 46. Kd3 Bf6 47. Kc2 Ne3+ 48. Bxe3 Be5 49. Bf2 Kf8 50. Kd3 Kg7 51. h4 Kf6 52. Be1 Kxe6 53. Ke3 Kd5 54. Kd3 Bd6 55. c4+ Ke6 56. cxb5 cxb5 57. Bxb5 Kf6 58. Bc4 e5 59. b5 e4+ 60. Kd4 Be5+ 61. Kd5 e3 62. b6 axb6 63. axb6 Rc8 64. b7 Rb8 65. Kc6 Rd8 66. Be2 Rd6+ 67. Kc5 Rd7 68. Kc6 Rd6+ 69. Kc5 Rd8 70. Bxh5 Rd3 71. Be2 Rb3 72. Kc6 Rb1 73. Ba5 Rb2 74. Bf3 e2 75. Bxe2 Rxe2 76. Bc3 Rc2 77. b8=Q Rxc3+ 78. Kd7 Bxb8 0-1


[Site "https://www.chess.com"]

[Event "Titled Tuesday Blitz November 14 Early 2023"]
[White "Belov, Alexei"]
[Black "Jackalhead_Anubis"]
[WhiteFideId "4128206"]
[WhiteElo "2611"]
[BlackElo "2415"]
[Result "1-0"]
[Round "3"]
[TimeControl "180+1"]
[Date "2023.11.14"]
[WhiteClock "0:01:07"]
[BlackClock "0:00:57"]
[Board "135"]

1. e4 e5 2. Nf3 Nc6 3. Bb5 Nf6 4. O-O Nxe4 5. d4 Nd6 6. Bxc6 dxc6 7. dxe5 Nf5 8. Qxd8+ Kxd8 9. Rd1+ Ke8 10. Nc3 Be7 11. b3 Be6 12. Bb2 Rd8 13. Ne2 Bd5 14. Nfd4 Nxd4 15. Nxd4 c5 16. Nb5 Bc6 17. Nxc7+ Kf8 18. c4 a6 19. Nd5 b5 20. Rd2 Bg5 21. Rd3 b4 22. f4 Bh6 23. Rad1 Rg8 24. g3 Rd7 25. Nxb4 cxb4 26. Rxd7 Bxd7 27. Rxd7 Ke8 28. Ra7 1-0


[Site "https://www.chess.com"]

[Event "Titled Tuesday Blitz November 14 Early 2023"]
[White "Janaszak, Dawid"]
[Black "Haitin, Ilja"]
[WhiteFideId "1119206"]
[BlackFideId "4501764"]
[WhiteElo "2607"]
[BlackElo "2409"]
[Result "1-0"]
[Round "3"]
[TimeControl "180+1"]
[Date "2023.11.14"]
[WhiteClock "0:00:52"]
[BlackClock "0:00:01"]
[Board "136"]

1. Nf3 d5 2. e3 Nf6 3. c4 dxc4 4. Bxc4 a6 5. a4 e6 6. O-O c5 7. b3 Nc6 8. Bb2 Be7 9. d4 cxd4 10. Nxd4 Nxd4 11. Bxd4 O-O 12. Qf3 Qc7 13. Nd2 Bd7 14. Rac1 Bc6 15. Qh3 e5 16. Bb2 Rad8 17. Nf3 e4 18. Ne5 Qc8 19. Nxc6 bxc6 20. Qxc8 Rxc8 21. Bxa6 Rb8 22. Bc4 Bb4 23. Rfd1 Rfd8 24. Kf1 Kf8 25. Be5 Ra8 26. Ke2 Ke7 27. h3 g6 28. Rd4 c5 29. Rxd8 Rxd8 30. Rd1 Rxd1 31. Kxd1 Ne8 32. Bd5 f6 33. Bg3 Nd6 34. Ke2 f5 35. Be5 Nc8 36. Bg8 h5 37. h4 Nd6 38. Bh7 Nf7 39. Bc7 Nh8 40. a5 Kf6 41. a6 c4 42. a7 cxb3 43. a8=Q b2 44. Qxh8+ 1-0


[Site "https://www.chess.com"]

[Event "Titled Tuesday Blitz November 14 Early 2023"]
[White "Souleidis, Georgios"]
[Black "Dwilewicz, Katarzyna"]
[WhiteFideId "4206827"]
[BlackFideId "1148486"]
[WhiteElo "2605"]
[BlackElo "2397"]
[Result "1-0"]
[Round "3"]
[TimeControl "180+1"]
[Date "2023.11.14"]
[WhiteClock "0:00:58"]
[BlackClock "0:00:05"]
[Board "137"]

1. e4 c5 2. Be2 Nc6 3. d3 e6 4. f4 d5 5. Nf3 dxe4 6. dxe4 Qxd1+ 7. Bxd1 Nf6 8. Nc3 Bd7 9. Be3 O-O-O 10. Be2 Be7 11. O-O-O b6 12. h3 h5 13. e5 Ne8 14. Ne4 f5 15. Neg5 Rf8 16. Ba6+ Kc7 17. Bc4 Nd4 18. Bxd4 cxd4 19. Bxe6 Bc6 20. Bb3 Bd7 21. Nxd4 Bxg5 22. fxg5 Rc8 23. e6 Bc6 24. e7 Rh8 25. Nxc6 Kxc6 26. Be6 Rb8 27. Bxf5 Nd6 28. Bg6 Kc7 29. Rhe1 h4 30. Rxd6 Kxd6 31. e8=Q Rbxe8 32. Rxe8 1-0


[Site "https://www.chess.com"]

[Event "Titled Tuesday Blitz November 14 Early 2023"]
[White "Goldin, Roman"]
[Black "Statham_l3"]
[WhiteFideId "2803860"]
[WhiteElo "2399"]
[BlackElo "2604"]
[Result "1-0"]
[Round "3"]
[TimeControl "180+1"]
[Date "2023.11.14"]
[WhiteClock "0:00:04"]
[BlackClock "0:00:00"]
[Board "138"]

1. Nf3 d5 2. e3 Nf6 3. b4 Bf5 4. Bb2 e6 5. a3 Nbd7 6. c4 c5 7. b5 Bd6 8. d3 O-O 9. Nbd2 Qc7 10. Be2 Rad8 11. O-O h6 12. g3 Bh3 13. Re1 Ng4 14. Qb3 f5 15. cxd5 e5 16. Nc4 e4 17. Nh4 Nxf2 18. Nxd6 Qxd6 19. Qc3 Rf6 20. Kxf2 g5 21. Ng2 f4 22. exf4 gxf4 23. gxf4 Rxf4+ 24. Kg1 Qg6 25. Qh8+ Kf7 26. Qg7+ Qxg7 27. Bxg7 Bxg2 28. Bxh6 Rf6 29. Bg5 Rg8 30. h4 Bf3 31. Bxf3 Rxf3 32. Rxe4 Nf6 33. Re6 Nxd5 34. Rd6 Rxd3 35. Rf1+ Kg7 36. Rd7+ Kg6 37. Rxb7 Kh5 38. Rbf7 Rg3+ 39. Kh2 Rd3 40. R7f3 Rxf3 41. Rxf3 c4 42. Rf5 Nc7 43. Rc5 Kg4 44. Rxc4+ Kf3 45. Rxc7 Re8 46. Rxa7 Re2+ 47. Kh3 Re1 48. Rf7+ Ke4 49. Kg4 Rh1 50. Kh5 Ke5 51. b6 Ke6 52. b7 Rb1 53. Re7+ Kf5 54. Kh6 Rb6+ 55. Kh5 Rb4 56. Rf7+ Ke6 57. Rg7 Rb6 58. a4 Ra6 59. b8=Q 1-0


[Site "https://www.chess.com"]

[Event "Titled Tuesday Blitz November 14 Early 2023"]
[White "Karamsetty, Jeevan"]
[Black "Hoffmann, Asa"]
[WhiteFideId "2025337"]
[BlackFideId "2001470"]
[WhiteElo "2602"]
[BlackElo "2394"]
[Result "1-0"]
[Round "3"]
[TimeControl "180+1"]
[Date "2023.11.14"]
[WhiteClock "0:00:03"]
[BlackClock "0:00:00"]
[Board "139"]

1. e4 d6 2. d4 Nf6 3. Bd3 e5 4. c3 Nc6 5. Nf3 Bg4 6. d5 Ne7 7. Nbd2 Ng6 8. Nf1 Be7 9. h3 Bd7 10. Ng3 O-O 11. O-O h6 12. c4 Nh7 13. b4 Ng5 14. c5 Nf4 15. Nxg5 Bxg5 16. Bxf4 exf4 17. Nf5 g6 18. Nd4 Bf6 19. Bc2 Qe7 20. Rc1 Be5 21. Nf3 Qf6 22. Bb1 a5 23. Qd2 axb4 24. Qxb4 dxc5 25. Qxc5 b6 26. Qc2 Rfe8 27. Nxe5 Qxe5 28. Qxc7 Bb5 29. Qxe5 Rxe5 30. Rfd1 f3 31. gxf3 Be2 32. Rd4 Bxf3 33. Rc3 Bh5 34. f4 Ree8 35. e5 Rad8 36. d6 Kg7 37. h4 f6 38. Rc7+ Kf8 39. Rd5 Re6 40. Rb5 Rde8 41. Rxb6 fxe5 42. Rbb7 Rxd6 43. Rf7+ Kg8 44. Rg7+ Kh8 45. Bc2 1-0


[Site "https://www.chess.com"]

[Event "Titled Tuesday Blitz November 14 Early 2023"]
[White "Aaditya Dhingra"]
[Black "Melikhov, Evgeny V."]
[WhiteFideId "25678191"]
[BlackFideId "4122046"]
[WhiteElo "2600"]
[BlackElo "2377"]
[Result "1-0"]
[Round "3"]
[TimeControl "180+1"]
[Date "2023.11.14"]
[WhiteClock "0:00:17"]
[BlackClock "0:00:00"]
[Board "140"]

1. b3 e5 2. Bb2 Nc6 3. e3 a6 4. Nf3 e4 5. Nd4 Nxd4 6. Bxd4 d5 7. d3 Bf5 8. Nd2 h5 9. dxe4 dxe4 10. Bb2 Ne7 11. Be2 h4 12. O-O Nc6 13. Bc3 h3 14. g3 Qd7 15. Nc4 O-O-O 16. Qxd7+ Rxd7 17. Rfd1 f6 18. Rxd7 Kxd7 19. Rd1+ Kc8 20. a4 Be7 21. Rd2 b5 22. axb5 axb5 23. Na5 Nxa5 24. Bxa5 c6 25. f3 Bc5 26. Kf2 exf3 27. Bxf3 Re8 28. Re2 Kb7 29. Bc3 Kb6 30. b4 Bd6 31. e4 Be6 32. Bd4+ c5 33. Be3 Bc4 34. Rd2 Be7 35. Rd7 Kc6 36. Ra7 cxb4 37. e5+ Bd5 38. Ra6+ Kb7 39. Rb6+ Kc7 40. Bxd5 fxe5 41. Rc6+ Kd7 42. Rg6 Rf8+ 43. Ke2 Bf6 44. Kd3 Rc8 45. Bd2 Kd6 46. Be4 Kc5 47. g4 Rd8+ 48. Ke2 Rd4 49. Be3 Kc4 50. Bxd4 exd4 51. Bd3+ Kc3 52. g5 Be5 53. Rc6+ Kb2 54. Rc5 Bxh2 55. Rxb5 Bg1 56. Kf3 Kc3 57. Kg3 h2 58. Kg2 Kd2 59. Rxb4 Ke3 60. Kh1 Kf4 61. g6 1-0


[Site "https://www.chess.com"]

[Event "Titled Tuesday Blitz November 14 Early 2023"]
[White "Mejia, Cherry Ann"]
[Black "Skatchkov, Valery"]
[WhiteFideId "5206880"]
[BlackFideId "24195812"]
[WhiteElo "2371"]
[BlackElo "2594"]
[Result "0-1"]
[Round "3"]
[TimeControl "180+1"]
[Date "2023.11.14"]
[WhiteClock "0:00:01"]
[BlackClock "0:01:03"]
[Board "141"]

1. e4 e5 2. Nf3 d5 3. Nxe5 Bd6 4. d4 dxe4 5. Nc3 Bxe5 6. dxe5 Qxd1+ 7. Kxd1 Bf5 8. Bb5+ c6 9. Be2 Nd7 10. g4 Bg6 11. h4 h5 12. gxh5 Bxh5 13. Nxe4 Nxe5 14. Nd6+ Ke7 15. Nxb7 Rb8 16. Nc5 Rd8+ 17. Ke1 Nf3+ 18. Kf1 Nf6 19. Bg5 Rd5 20. Ne4 Nxg5 21. Nxg5 Bg6 22. Bf3 Rd2 23. Re1+ Kd6 24. Rd1 Rxd1+ 25. Bxd1 Ne4 26. Nxe4+ Bxe4 27. Rh3 Ke5 28. c3 Kf4 29. Bb3 f6 30. Rg3 g5 31. hxg5 fxg5 32. Ke2 g4 33. Re3 Bf3+ 34. Kd2 Rh2 35. Ke1 g3 36. Re8 gxf2+ 37. Kf1 Kg3 38. Rg8+ Bg4 0-1


[Site "https://www.chess.com"]

[Event "Titled Tuesday Blitz November 14 Early 2023"]
[White "Ahmad, Khagan"]
[Black "EvgenyBurmakin"]
[WhiteFideId "13431552"]
[WhiteElo "2594"]
[BlackElo "2364"]
[Result "1-0"]
[Round "3"]
[TimeControl "180+1"]
[Date "2023.11.14"]
[WhiteClock "0:00:07"]
[BlackClock "0:00:13"]
[Board "142"]

1. Nf3 Nf6 2. c4 g6 3. Nc3 Bg7 4. e4 O-O 5. d4 d6 6. Be2 e5 7. O-O Nc6 8. d5 Ne7 9. b4 Nd7 10. Be3 f5 11. Ng5 Nf6 12. Bf3 f4 13. Bd2 h6 14. Ne6 Bxe6 15. dxe6 c6 16. Qb3 g5 17. Be2 g4 18. f3 h5 19. Rad1 Qe8 20. Bc1 Rd8 21. Ba3 h4 22. fxg4 h3 23. b5 hxg2 24. Kxg2 c5 25. Bf3 Qg6 26. h3 Qg5 27. Qc2 Ng6 28. Nd5 Rfe8 29. Qf2 Rxe6 30. Rh1 Nh4+ 31. Kf1 Bf8 32. Ke2 Rd7 33. Nxf6+ Rxf6 34. Bxc5 Rh7 35. Bxa7 Rfh6 36. c5 Ng6 37. cxd6 Rxh3 38. Rxh3 Rxh3 39. d7 Be7 40. Bb6 Nh4 41. d8=Q+ Bxd8 42. Rxd8+ Kf7 43. Qc5 Rh2+ 44. Kd3 Nxf3 45. Qd5+ Kg6 46. Rg8+ Kf6 47. Bd8# 1-0


[Site "https://www.chess.com"]

[Event "Titled Tuesday Blitz November 14 Early 2023"]
[White "Valle Maytin, Luis Enrique"]
[Black "Tasev, Dejan"]
[WhiteFideId "3503666"]
[BlackFideId "936618"]
[WhiteElo "2356"]
[BlackElo "2590"]
[Result "1-0"]
[Round "3"]
[TimeControl "180+1"]
[Date "2023.11.14"]
[WhiteClock "0:00:13"]
[BlackClock "0:00:07"]
[Board "143"]

1. d4 Nf6 2. Nf3 e6 3. e3 b6 4. Bd3 Bb7 5. Nbd2 g6 6. b3 Bg7 7. Bb2 O-O 8. Qe2 d5 9. c4 Nbd7 10. O-O c6 11. Rac1 Rc8 12. Ne5 Nxe5 13. dxe5 Nd7 14. f4 Nc5 15. Bb1 a5 16. Rfd1 Ba6 17. Ba3 f6 18. Bxc5 bxc5 19. Nf3 a4 20. Qc2 axb3 21. axb3 fxe5 22. fxe5 Rxf3 23. gxf3 Qg5+ 24. Qg2 Qxe3+ 25. Kh1 Rf8 26. Re1 Qd4 27. Qh3 Bc8 28. Qg3 Bh6 29. Rcd1 Qf4 30. Qxf4 Bxf4 31. Kg2 Ba6 32. Bd3 Rb8 33. Rb1 Bc8 34. Bc2 Bd2 35. Re2 Bf4 36. Ra1 Kg7 37. Ra7+ Kh6 38. Rc7 d4 39. Rxc6 Bd7 40. Rxc5 Rd8 41. Be4 Be8 42. Re1 d3 43. Rd1 d2 44. Kf1 Bxh2 45. Ke2 Bf4 46. b4 Kg5 47. b5 h5 48. b6 h4 49. b7 Rb8 50. Rc8 Rxb7 51. Bxb7 Bd7 52. Rh8 Ba4 53. Be4 Bxe5 54. Rg8 h3 55. Rxg6+ Kh5 56. Rxe6 Bf4 57. Re7 Kh4 58. Rh7+ Kg3 59. c5 Bb5+ 60. Bd3 Bc6 61. Rg7+ Kh2 62. Be4 Bb5+ 63. Kf2 Bc6 64. Bxc6 1-0


[Site "https://www.chess.com"]

[Event "Titled Tuesday Blitz November 14 Early 2023"]
[White "Degtiarev, Evgeny"]
[Black "borocotoajua"]
[WhiteFideId "4149610"]
[WhiteElo "2348"]
[BlackElo "2590"]
[Result "0-1"]
[Round "3"]
[TimeControl "180+1"]
[Date "2023.11.14"]
[WhiteClock "0:00:12"]
[BlackClock "0:00:15"]
[Board "144"]

1. d4 Nf6 2. c4 g6 3. Nc3 d5 4. cxd5 Nxd5 5. e4 Nxc3 6. bxc3 Bg7 7. Bc4 O-O 8. Ne2 c5 9. O-O Nc6 10. Be3 cxd4 11. cxd4 b6 12. Rc1 Bb7 13. Bb5 Na5 14. d5 a6 15. Bd3 b5 16. Bd4 Bxd4 17. Nxd4 Qb6 18. Nf3 Rac8 19. Qd2 Rfd8 20. Qh6 Qf6 21. h4 e6 22. e5 Qg7 23. Qxg7+ Kxg7 24. d6 Bxf3 25. gxf3 Nc6 26. f4 f6 27. Be4 Nd4 28. Rxc8 Rxc8 29. Rd1 Ne2+ 30. Kh2 Nxf4 31. Bb7 Rd8 32. Bxa6 fxe5 33. Bxb5 Nd5 34. d7 Nc3 35. Rb1 Nxb1 36. a4 Nc3 37. Bc6 Kf8 38. a5 Ke7 39. a6 Kd6 40. Bf3 e4 0-1


[Site "https://www.chess.com"]

[Event "Titled Tuesday Blitz November 14 Early 2023"]
[White "Lymar, Vladislav"]
[Black "Kornyukov, Alexey"]
[WhiteFideId "14162180"]
[BlackFideId "4150457"]
[WhiteElo "2577"]
[BlackElo "2348"]
[Result "1-0"]
[Round "3"]
[TimeControl "180+1"]
[Date "2023.11.14"]
[WhiteClock "0:00:56"]
[BlackClock "0:00:47"]
[Board "145"]

1. d4 Nf6 2. c4 e6 3. Bf4 b6 4. a3 Bb7 5. Nc3 d5 6. cxd5 exd5 7. e3 Bd6 8. Nh3 O-O 9. Bd3 c5 10. b3 cxd4 11. Bxd6 Qxd6 12. Nb5 Qc5 13. Rc1 Qe7 14. Rc7 Qe6 15. Nxd4 Qd6 16. Rxb7 Nbd7 17. b4 Rfc8 18. O-O a6 19. Nf5 Qc6 20. Ne7+ 1-0


[Site "https://www.chess.com"]

[Event "Titled Tuesday Blitz November 14 Early 2023"]
[White "Sousa, Andre Ventura"]
[Black "Fernandez Siles, Luis"]
[WhiteFideId "1917617"]
[BlackFideId "2209420"]
[WhiteElo "2577"]
[BlackElo "2345"]
[Result "1-0"]
[Round "3"]
[TimeControl "180+1"]
[Date "2023.11.14"]
[WhiteClock "0:01:26"]
[BlackClock "0:00:15"]
[Board "146"]

1. e4 c5 2. Nf3 Nc6 3. d4 cxd4 4. Nxd4 Nf6 5. Nc3 e5 6. Ndb5 d6 7. Bg5 a6 8. Na3 b5 9. Nab1 Be6 10. a4 b4 11. Nd5 Bxd5 12. exd5 Ne7 13. Bxf6 gxf6 14. a5 h5 15. Be2 h4 16. O-O Ng6 17. Ra4 f5 18. Nd2 Nf4 19. Rxb4 Nxd5 20. Rb7 Nf4 21. Nf3 Qf6 22. Bc4 Rh7 23. Nxe5 Qg5 24. Qf3 dxe5 25. Qc6+ Kd8 26. Qd7# 1-0


[Site "https://www.chess.com"]

[Event "Titled Tuesday Blitz November 14 Early 2023"]
[White "MIss_MIaMI"]
[Black "Jaskolka, Tomasz"]
[BlackFideId "1170791"]
[WhiteElo "2344"]
[BlackElo "2577"]
[Result "0-1"]
[Round "3"]
[TimeControl "180+1"]
[Date "2023.11.14"]
[WhiteClock "0:00:28"]
[BlackClock "0:01:08"]
[Board "147"]

1. e4 d5 2. exd5 Nf6 3. Bc4 Nxd5 4. d4 Bf5 5. c3 e6 6. Nf3 Bd6 7. Qb3 Nb6 8. Bb5+ c6 9. Be2 N8d7 10. O-O Nf6 11. h3 O-O 12. c4 c5 13. Be3 Rc8 14. Rd1 Qc7 15. Nbd2 Rfd8 16. Rac1 Ne4 17. Nf1 Qe7 18. Bd3 Bg6 19. a3 cxd4 20. Nxd4 Nc5 21. Qc2 Nxd3 22. Rxd3 Rxc4 23. Qe2 Bxd3 24. Qxd3 Rxc1 25. Bxc1 Bc5 26. Nf5 Rxd3 27. Nxe7+ Bxe7 28. Ne3 Bc5 29. Kh2 Bxe3 30. Bxe3 Rxe3 31. fxe3 Nc4 0-1


[Site "https://www.chess.com"]

[Event "Titled Tuesday Blitz November 14 Early 2023"]
[White "Zaksaite, Salomeja"]
[Black "Sharapov, Evgeny"]
[WhiteFideId "12801496"]
[BlackFideId "14103133"]
[WhiteElo "2344"]
[BlackElo "2575"]
[Result "1/2-1/2"]
[Round "3"]
[TimeControl "180+1"]
[Date "2023.11.14"]
[WhiteClock "0:00:16"]
[BlackClock "0:02:15"]
[Board "148"]

1. d4 Nf6 2. Nc3 d5 3. Bf4 c6 4. Nf3 Qb6 5. Rb1 g6 6. e3 Bg4 7. Be2 Bg7 8. h3 Bxf3 9. Bxf3 O-O 10. O-O Nbd7 11. e4 dxe4 12. Nxe4 Nxe4 13. Bxe4 Qxd4 14. Qxd4 Bxd4 15. Rfd1 e5 16. Bxe5 Nxe5 17. Rxd4 f5 18. Bf3 Rfd8 19. Rbd1 Rxd4 20. Rxd4 Kf8 21. Be2 Ke7 22. f4 Nf7 23. Kf2 Rd8 24. Rxd8 Kxd8 25. Ke3 Ke7 26. Kd4 Kd6 27. b4 Nd8 28. Bc4 Ne6+ 29. Bxe6 Kxe6 30. a4 Kd6 31. a5 b6 32. axb6 axb6 33. c4 c5+ 34. bxc5+ bxc5+ 35. Kd3 Kc6 36. Kc3 Kb6 37. Kb3 Ka5 38. Ka3 h6 39. h4 Ka6 40. Ka4 Kb6 41. Kb3 Ka5 42. Ka3 Kb6 43. Kb3 Kb7 44. Ka4 Ka6 45. Kb3 Kb6 46. Ka4 Ka6 47. Kb3 Ka5 48. Ka3 1/2-1/2


[Site "https://www.chess.com"]

[Event "Titled Tuesday Blitz November 14 Early 2023"]
[White "KorolDimitriy75"]
[Black "Ambartsumova, Karina"]
[BlackFideId "4166299"]
[WhiteElo "2342"]
[BlackElo "2570"]
[Result "0-1"]
[Round "3"]
[TimeControl "180+1"]
[Date "2023.11.14"]
[WhiteClock "0:00:00"]
[BlackClock "0:00:51"]
[Board "149"]

1. d4 Nf6 2. c4 e6 3. Nc3 d5 4. Bg5 Be7 5. cxd5 exd5 6. e3 c6 7. Bd3 Nbd7 8. Qc2 h6 9. Bh4 Nh5 10. Bxe7 Qxe7 11. Nge2 Nb6 12. h3 Bd7 13. O-O O-O 14. Rae1 Rfe8 15. b3 a5 16. Qd2 Nc8 17. Bb1 Nd6 18. Nc1 Ne4 19. Nxe4 dxe4 20. f4 Ng3 21. Rf2 a4 22. Ne2 Nxe2+ 23. Qxe2 axb3 24. axb3 Qb4 25. Bc2 Ra2 26. f5 Rxc2 27. Qf1 Rxf2 28. Qxf2 f6 29. Rf1 Qxb3 30. Qg3 b5 31. Kh2 Qd5 32. Qc7 Bxf5 33. Rf4 b4 34. Qb7 b3 35. h4 Be6 36. Rf2 Qd6+ 37. g3 Rb8 0-1


[Site "https://www.chess.com"]

[Event "Titled Tuesday Blitz November 14 Early 2023"]
[White "Vestby-Ellingsen, Mads"]
[Black "Ramadoss, Ashokkumar"]
[WhiteFideId "1520857"]
[BlackFideId "5040990"]
[WhiteElo "2565"]
[BlackElo "2342"]
[Result "1-0"]
[Round "3"]
[TimeControl "180+1"]
[Date "2023.11.14"]
[WhiteClock "0:01:20"]
[BlackClock "0:00:35"]
[Board "150"]

1. d4 Nf6 2. Bf4 c5 3. d5 d6 4. Nc3 g6 5. e4 Bg7 6. Nf3 Na6 7. h3 Nc7 8. a4 b6 9. Bb5+ Nd7 10. Bc6 Rb8 11. e5 dxe5 12. Nxe5 Bxe5 13. Bxe5 O-O 14. Bg3 Ba6 15. Qf3 Nf6 16. O-O-O Nfe8 17. h4 Nd6 18. h5 Qc8 19. Bxd6 exd6 20. Ne4 Qd8 21. Nf6+ Kg7 22. hxg6 Qxf6 23. Rxh7+ Kxg6 24. Rh6+ 1-0


[Site "https://www.chess.com"]